 Dungeon Crawl Stone Soup version 0.31.0-32-g396128a36d (webtiles) character file.

Game seed: 2699765164712697330

31523 monsoonserge the Grappler (level 13, -4/101 HPs)
             Began as a Gnoll Shapeshifter on Mar 21, 2024.
             Was a Priest of Elyvilon.
             Slain by a war gargoyle
             ... wielding a +0 morningstar of protection
              (33 damage)
             ... on level 11 of the Dungeon.
             The game lasted 01:08:14 (18859 turns).

monsoonserge the Grappler (Gnoll Shapeshifter)     Turns: 18859, Time: 01:08:15

Health: -4/101     AC: 18    Str: 18    XL:     13   Next: 58%
Magic:  10/25      EV: 14    Int: 16    God:    Elyvilon [***...]
Gold:   223        SH:  0    Dex: 23    Spells: 20/29 levels left

rFire   + . .        E - +8 longbow "Zephyr" {speed, Dex+3 SInv}
rCold   + . .        (shield currently unavailable)
rNeg    . . .        u - +2 chain mail {rC+}
rPois   +            V - +0 hat {Int+3}
rElec   .            v - +2 cloak {Will+}
rCorr   .            f - +0 pair of gloves
SInv    +            (no boots)
Will    +....        I - amulet of the Castellan {Regen+ Int+4 Dex+4 Stlth+}
Stlth   ++++++       D - ring of Shadows {Umbra +Inv Stlth+}
HPRegen 1.16/turn    X - ring "Looneov" {rPois rF+ Dex+3}
MPRegen 0.19/turn

%: no passive effects
@: ice-armoured, wreathed by umbra, studying Ranged Weapons
A: fangs 1, strong nose, distributed training
a: Renounce Religion, Evoke Invisibility, Purification, Heal Other, Heal Self


You were on level 11 of the Dungeon.
You worshipped Elyvilon.
Elyvilon was most pleased with you.
You visited 3 branches of the dungeon, and saw 15 of its levels.
You also visited: Ice Cave.

You collected 1488 gold pieces.
You spent 1265 gold pieces at shops.

Inventory:

Hand Weapons
 E - the +8 longbow "Zephyr" (weapon) {speed, Dex+3 SInv}
   (You acquired it on level 1 of the Lair of Beasts)

   Dex+3:     It affects your dexterity (+3).
   SInv:      It lets you see invisible.
Missiles
 G - 27 poisoned darts
 O - a throwing net
 R - a boomerang
 U - 2 curare-tipped darts
Armour
 f - a +0 pair of gloves (worn)
 u - a +2 chain mail of cold resistance (worn)
 v - a +2 cloak of willpower (worn)
 H - the +0 chain mail of Autotheism {+Blink rF+}
   (You found it on level 5 of the Dungeon)

   rF+:       It protects you from fire.
   +Blink:    It lets you blink.
 N - a scarf of resistance
 T - +0 steam dragon scales
 V - a +0 hat of intelligence (worn)
Jewellery
 a - a +4 ring of protection
 b - a ring of willpower
 c - the ring of the Raven {rPois rN+ MP-9 EV+5}
   (You found it in an ice cave)

   [ring of evasion]

   EV+5:      It affects your evasion (+5).
   rPois:     It protects you from poison rN+: It protects you from negative
   energy.
   MP-9:      It affects your magic capacity (-9).
 q - the amulet "Boidgh" {Spirit Dex+7}
   (You found it in an ice cave)

   [amulet of guardian spirit]

   Spirit:    It causes incoming damage to be divided between your reserves of
   health and magic.
   Dex+7:     It affects your dexterity (+7).
 B - a ring of protection from cold
 D - the ring of Shadows (left hand) {Umbra +Inv Stlth+}
   (You took it off an orc wizard on level 11 of the Dungeon)

   [ring of stealth]

   Umbra:     It surrounds you with an aura of shadow, increasing your stealth
   and reducing the accuracy of all others within it.
   +Inv:      It lets you turn invisible.
   Stlth+:    It makes you more stealthy.
 I - the amulet of the Castellan (around neck) {Regen+ Int+4 Dex+4 Stlth+}
   (You acquired it on level 3 of the Dungeon)

   [amulet of regeneration]

   Int+4:     It affects your intelligence (+4).
   Dex+4:     It affects your dexterity (+4).
   Regen+:    It increases your rate of health regeneration.
   Stlth+:    It makes you more stealthy.
 X - the ring "Looneov" (right hand) {rPois rF+ Dex+3}
   (You found it in an ice cave)

   [ring of protection from fire]

   Dex+3:     It affects your dexterity (+3).
   rF+:       It protects you from fire.
   rPois:     It protects you from poison
 Y - a +6 ring of intelligence
Talismans
 d - a flux talisman
 C - a serpent talisman
Wands
 w - a wand of flame (25)
 Q - a wand of paralysis (17)
Scrolls
 j - 2 scrolls of teleportation
 k - 2 scrolls of fear
 l - 3 scrolls of immolation
 o - a scroll of revelation {unknown}
 p - a scroll of vulnerability {unknown}
 t - 5 scrolls of fog
 x - 2 scrolls of summoning
 y - 3 scrolls of amnesia
 J - 2 scrolls of blinking
 K - 2 scrolls of enchant weapon
 L - 2 scrolls of silence
Potions
 e - 2 potions of brilliance {unknown}
 g - 2 potions of resistance {unknown}
 h - 3 potions of haste {unknown}
 i - 2 potions of magic {unknown}
 m - 4 potions of heal wounds
 n - 4 potions of curing
 r - 4 potions of degeneration {unknown}
 s - 2 potions of lignification
 z - a potion of ambrosia {unknown}
 A - a potion of mutation {unknown}
 F - a potion of enlightenment {unknown}
 S - a potion of attraction {unknown}
 W - a potion of might {unknown}


   Skills:
 + Level 9.1 Fighting
 + Level 8.7 Short Blades
 + Level 8.7 Long Blades
 + Level 8.7 Axes
 + Level 8.7 Maces & Flails
 + Level 8.7 Polearms
 + Level 8.7 Staves
 + Level 9.1 Ranged Weapons
 + Level 8.7 Throwing
 + Level 8.7 Armour
 + Level 9.9 Dodging
 + Level 8.7 Stealth
 + Level 8.7 Shields
 + Level 10.9 Unarmed Combat
 + Level 8.7 Spellcasting
 + Level 7.2 Conjurations
 + Level 7.2 Hexes
 + Level 7.2 Summonings
 + Level 7.2 Necromancy
 + Level 7.2 Translocations
 + Level 7.2 Fire Magic
 + Level 7.2 Ice Magic
 + Level 7.2 Air Magic
 + Level 7.2 Earth Magic
 + Level 7.2 Alchemy
 + Level 9.5 Invocations
 + Level 8.7 Evocations
 + Level 10.3 Shapeshifting


You had 20 spell levels left.
You knew the following spells:

 Your Spells              Type           Power      Damage    Failure   Level
a - Swiftness             Air            30%        N/A       11%         3
b - Ozocubu's Armour      Ice            30%        N/A       11%         3
c - Frozen Ramparts       Ice            60%        1d10      11%         3

Your spell library contained the following spells:

 Spells                   Type           Power      Damage    Failure   Level
 Freeze                   Ice            100%       1d10      3%          1
 Shock                    Conj/Air       100%       1d9       3%          1
 Ensorcelled Hibernation  Hex/Ice        60%        N/A       5%          2
 Dazzling Flash           Conj/Hex       60%        N/A       11%         3
 Fugue of the Fallen      Necr           30%        N/A       11%         3
 Hailstorm                Conj/Ice       30%        3d8       11%         3
 Passwall                 Erth           30%        N/A       11%         3
 Summon Ice Beast         Ice/Summ       30%        N/A       11%         3
 Tukima's Dance           Hex            30%        N/A       11%         3
 Volatile Blastmotes      Fire/Tloc      60%        2d15      11%         3
 Airstrike                Air            15%        2d(3-19)  36%         4
 Manifold Assault         Tloc           30%        N/A       36%         4
 Passage of Golubria      Tloc           30%        N/A       36%         4
 Yara's Violent Unravell  Hex/Alch       15%        3d8       71%         5
 Sculpt Simulacrum        Ice/Alch       15%        N/A       99%         6
 Starburst                Conj/Fire      15%        6d6       99%         6
 Ozocubu's Refrigeration  Ice            15%        4d10      100%        7
 Maxwell's Capacitive Co  Air            15%        ∞         100%        8
 Chain Lightning          Conj/Air       15%        3d20      100%        9
 Fire Storm               Conj/Fire      15%        8d4       100%        9
 Polar Vortex             Ice            15%        12d2*     100%        9
 Shatter                  Erth           15%        3d15*     100%        9


Dungeon Overview and Level Annotations

Branches:
Dungeon (12/15)            Temple (1/1) D:7            Lair (2/5) D:10
  Swamp (0/4) Lair:2       Spider (0/4) Lair:2        IceCv (visited)
    Orc: D:9-12

Altars:
Ashenzari
Cheibriados
Dithmenos
Elyvilon
Fedhas
Gozag
Hepliaklqana
Kikubaaqudgha
Makhleb
Nemelex Xobeh
Okawaru
Qazlal
Ru
Sif Muna
Trog
Uskayaw
Vehumet
Wu Jian
Xom
Yredelemnul
Zin
The Shining One

Shops:
D:1 :   D:2 :   D:4 *   D:9 ?

Annotations:
D:8 2 runed translucent doors


Innate Abilities, Weirdness & Mutations

You have very sharp teeth.
Your uncanny sense of smell can sniff out nearby items.
Your experience applies equally to all skills.


Message History

Aim: a war gargoyle, wielding a +0 morningstar of protection (moderately damaged, catching its breath, umbra, 88% to hit)
You shoot an arrow. The arrow hits the war gargoyle.
The war gargoyle is moderately damaged.
The war gargoyle hits you with a +0 morningstar of protection.
The war gargoyle barely misses you.
Fire: E) +8 longbow "Zephyr" {speed, Dex+3 SInv}
Press: ? - help, Q - select action, (/) - cycle Shift-Dir - straight line, f/p - war gargoyle
Aim: a war gargoyle, wielding a +0 morningstar of protection (moderately damaged, umbra, 88% to hit)
You shoot an arrow. The arrow hits the war gargoyle!
The war gargoyle is heavily damaged.
The war gargoyle barely misses you.
Fire: E) +8 longbow "Zephyr" {speed, Dex+3 SInv}
Press: ? - help, Q - select action, (/) - cycle Shift-Dir - straight line, f/p - war gargoyle
Aim: a war gargoyle, wielding a +0 morningstar of protection (heavily damaged, umbra, 88% to hit)
You shoot an arrow. The arrow hits the war gargoyle!
The war gargoyle is severely damaged.
The war gargoyle launches metal splinters at you.
The spray of metal splinters hits you but does no damage.
The war gargoyle hits you with a +0 morningstar of protection.
Fire: E) +8 longbow "Zephyr" {speed, Dex+3 SInv}
Press: ? - help, Q - select action, (/) - cycle Shift-Dir - straight line, f/p - war gargoyle
Aim: a war gargoyle, wielding a +0 morningstar of protection (severely damaged, catching its breath, umbra, 88% to hit)
You shoot an arrow.
The arrow barely misses the war gargoyle.
The war gargoyle hits you with a +0 morningstar of protection!!
* * * LOW HITPOINT WARNING * * *
You are healed.
The war gargoyle launches metal splinters at you.
The spray of metal splinters hits you!!
* * * LOW HITPOINT WARNING * * *
The war gargoyle launches metal splinters at you.
The spray of metal splinters misses you.
Okay, then.
Unknown command.
You are healed.
The war gargoyle hits you with a +0 morningstar of protection!!
* * * LOW HITPOINT WARNING * * *
You are healed.
The war gargoyle hits you with a +0 morningstar of protection!!
You die...

....# ~~.c.~≈~≈~...~~ #...#
~~~..c~≈~)..~~~ ###'#
≈≈~~...~...~~≈≈ ....#
≈≈~~~....○~~~W≈ ....# ♣$♣ ....#
♣.♣ # ....# ### ##♣)♣## ### #
#.#.#♣♣.♣♣ ♣♣.9...♣♣ ♣.♣ #
#'#.#♣...♣♣♣♣♣♣.@.....♣♣♣♣♣♣♣.♣♣#
..................~......B...♣...
...)#♣...♣♣♣♣♣♣.......♣♣♣♣♣♣♣.♣♣#
....#♣♣.♣♣ ♣♣.....♣♣ ♣.♣ #
..#.##### ######## #####
..####'########'##'##### ######..
...........#....##.....###...##..
...........'.....................
...........#.....................


You could see a war gargoyle (catching breath).

Vanquished Creatures
  Gastronok (Lair:1)
  A stone giant (D:11)
  A white draconian (IceCv)
  2 two-headed ogres
  A boulder beetle (D:11)
  A tengu warrior (D:11)
  Amaemon (Lair:1)
  A bog body (Lair:1)
  2 ugly things
  A cyclops (D:11)
  A manticore (D:11)
  2 ice statues (IceCv)
  A black mamba (Lair:1)
  2 gargoyles (D:11)
  An orange demon (Lair:1)
  5 torpor snails (Lair:2)
  2 komodo dragons
  3 rime drakes
  5 cane toads
  An unseen horror (D:12)
  2 kobold demonologists
  A hornet (D:7)
  A polar bear (Lair:2)
  A queen bee (shapeshifter) (D:11)
  3 trolls
  3 blink frogs (Lair:2)
  2 jumping spiders (Lair:2)
  2 shadows
  A vampire (D:11)
  24 yaks
  3 wyverns
  2 wraiths
  A wyvern (shapeshifter) (D:11)
  2 redbacks (Lair:2)
  2 steam dragons
  3 basilisks
  A swamp worm (Lair:2)
  6 water moccasins
  3 orc warriors
  3 ice beasts
  4 sky beasts
  A black bear (D:5)
  2 centaurs
  An ogre (D:5)
  6 wolves (Lair:1)
  A phantom (D:5)
  6 bullfrogs
  4 kobold brigands
  4 gnoll sergeants
  A scorpion (D:5)
  9 wights
  4 killer bees
  2 lindwurm simulacra (IceCv)
  2 electric eels (Lair:2)
  4 howler monkeys
  3 bombardier beetles
  4 komodo dragon simulacra (IceCv)
  6 orc priests
  6 hounds
  4 jellies
  Crazy Yiuf (D:2)
  A gnoll bouda (D:7)
  Jessica (D:2)
  11 orc wizards
  4 iguanas
  Robin (D:2)
  8 acid dragon simulacra (IceCv)
  14 gnolls
  11 adders
  A shadow imp (D:6)
  A white imp (D:7)
  7 steam dragon simulacra (IceCv)
  4 ribbon worms
  2 dart slugs
  19 orcs
  7 ball pythons
  10 endoplasms
  2 giant cockroaches (D:1)
  13 goblins
  11 hobgoblins
  2 jackals (D:5)
  14 kobolds
  6 quokkas
  4 bats
  2 frilled lizards
  3 rats
335 creatures vanquished.

Vanquished Creatures (others)
  A centaur warrior (D:11)
  2 rime drakes (IceCv)
  A komodo dragon (D:11)
  A troll (D:11)
  A hornet (D:11)
  8 yaks
  A kobold brigand (D:10)
  2 howler monkeys (D:11)
  An orc wizard (D:5)
  2 kobolds (D:10)
20 creatures vanquished.

Grand Total: 355 creatures vanquished

Notes
Turn   | Place    | Note
-------+----------+-------------------------------------------
     0 | D:1      | monsoonserge the Gnoll Shapeshifter began the quest for the
                  | Orb.
     0 | D:1      | Reached XP level 1. HP: 17/17 MP: 1/1
    97 | D:1      | Found a faded altar of an unknown god.
   128 | D:1      | Found Sozuuchoi's Vocational Training.
   163 | D:1      | Reached XP level 2. HP: 22/23 MP: 2/2
   325 | D:1      | Reached XP level 3. HP: 26/28 MP: 3/3
   480 | D:2      | Noticed Jessica
   494 | D:2      | Killed Jessica
   495 | D:2      | Reached skill level 1 in Short Blades
   495 | D:2      | Reached skill level 1 in Long Blades
   495 | D:2      | Reached skill level 1 in Axes
   495 | D:2      | Reached skill level 1 in Maces & Flails
   495 | D:2      | Reached skill level 1 in Polearms
   495 | D:2      | Reached skill level 1 in Staves
   495 | D:2      | Reached skill level 1 in Ranged Weapons
   495 | D:2      | Reached skill level 1 in Throwing
   495 | D:2      | Reached skill level 1 in Armour
   495 | D:2      | Reached skill level 1 in Stealth
   495 | D:2      | Reached skill level 1 in Shields
   495 | D:2      | Reached skill level 1 in Spellcasting
   495 | D:2      | Reached skill level 1 in Invocations
   495 | D:2      | Reached skill level 1 in Evocations
   577 | D:2      | Reached XP level 4. HP: 34/34 MP: 5/5
   585 | D:2      | Found Wyuskos's Book Shop.
   621 | D:2      | Noticed Robin
   634 | D:2      | Reached skill level 1 in Conjurations
   634 | D:2      | Reached skill level 1 in Hexes
   634 | D:2      | Reached skill level 1 in Summonings
   634 | D:2      | Reached skill level 1 in Necromancy
   634 | D:2      | Reached skill level 1 in Translocations
   634 | D:2      | Reached skill level 1 in Fire Magic
   634 | D:2      | Reached skill level 1 in Ice Magic
   634 | D:2      | Reached skill level 1 in Air Magic
   634 | D:2      | Reached skill level 1 in Earth Magic
   634 | D:2      | Reached skill level 1 in Alchemy
   881 | D:2      | Reached XP level 5. HP: 40/40 MP: 5/7
   886 | D:2      | Killed Robin
  1088 | D:2      | Found a runed translucent door.
  1089 | D:2      | Noticed Crazy Yiuf
  1291 | D:3      | Found a stormy altar of Qazlal.
  1951 | D:3      | Reached XP level 6. HP: 44/47 MP: 8/8
  1984 | D:3      | Noticed a balrug
  1985 | D:3      | Found a burning altar of Makhleb.
  1988 | D:3      | Found a glowing silver altar of Zin.
  1988 | D:3      | Noticed an angel
  2175 | D:2      | Killed Crazy Yiuf
  2176 | D:2      | Reached skill level 5 in Dodging
  2405 | D:4      | Found Fukhlom's Assorted Antiques.
  2431 | D:4      | Bought a brass wand for 96 gold pieces
  2431 | D:4      | Bought a scroll labelled LORCHO SIZOUNK for 24 gold pieces
  3320 | D:5      | Entered Level 5 of the Dungeon
  3379 | D:4      | Reached XP level 7. HP: 36/52 MP: 10/10
  3555 | D:5      | Found a white marble altar of Elyvilon.
  3567 | D:5      | Became a worshipper of Elyvilon the Healer
  3618 | D:5      | Found a broken altar of Ashenzari.
  3755 | D:5      | Reached XP level 8. HP: 28/60 MP: 12/12
  4005 | D:5      | Identified the +0 chain mail of Autotheism {+Blink rF+}
  4977 | D:6      | Found a shadowy altar of Dithmenos.
  5103 | D:6      | Reached * piety under Elyvilon
  5891 | D:6      | Reached XP level 9. HP: 65/66 MP: 14/14
  5936 | D:7      | Noticed a hornet
  5938 | D:7      | Paralysed by a hornet for 2 turns
  5947 | D:7      | Killed a hornet
  6157 | D:7      | Reached skill level 5 in Fighting
  6195 | D:7      | Found a staircase to the Ecumenical Temple.
  6204 | Temple   | Entered the Ecumenical Temple
  6359 | D:7      | Reached ** piety under Elyvilon
  6427 | D:7      | Identified the +0 leather armour of Rofonul {^Drain rC+
                  | Dex+2 Stlth+}
  6624 | D:7      | Reached skill level 5 in Invocations
  6707 | D:7      | Noticed a +0 short sword
  6708 | D:7      | Noticed a +0 spear
  6709 | D:7      | Noticed a +0 short sword
  6710 | D:7      | Noticed a +0 falchion
  6711 | D:7      | Noticed a +0 dagger
  6711 | D:7      | Noticed a +0 spear
  6711 | D:7      | Noticed a +0 falchion
  6714 | D:7      | Noticed a +0 dagger
  6716 | D:7      | Found a hide-covered altar of Uskayaw.
  7146 | D:7      | Reached *** piety under Elyvilon
  7146 | D:7      | Found a basalt altar of Yredelemnul.
  7148 | D:7      | Noticed a profane servitor
  7155 | D:7      | Found a glowing golden altar of the Shining One.
  7157 | D:7      | Noticed an angel
  7901 | D:8      | Reached skill level 5 in Short Blades
  7901 | D:8      | Reached skill level 5 in Long Blades
  7901 | D:8      | Reached skill level 5 in Axes
  7901 | D:8      | Reached skill level 5 in Maces & Flails
  7901 | D:8      | Reached skill level 5 in Polearms
  7901 | D:8      | Reached skill level 5 in Staves
  7901 | D:8      | Reached skill level 5 in Ranged Weapons
  7901 | D:8      | Reached skill level 5 in Throwing
  7901 | D:8      | Reached skill level 5 in Armour
  7901 | D:8      | Reached skill level 5 in Stealth
  7901 | D:8      | Reached skill level 5 in Shields
  7901 | D:8      | Reached skill level 5 in Spellcasting
  7901 | D:8      | Reached skill level 5 in Evocations
  7909 | D:8      | Reached XP level 10. HP: 50/76 MP: 17/17
  8725 | D:8      | Found a runed translucent door.
  8732 | D:8      | Found a runed translucent door.
  9150 | D:9      | Reached **** piety under Elyvilon
  9475 | D:9      | Found Foelef's Magic Scroll Emporium.
  9483 | D:9      | Bought a scroll of blinking for 105 gold pieces
  9498 | D:9      | Found a blossoming altar of Fedhas.
  9500 | D:9      | Found an ancient bone altar of Kikubaaqudgha.
  9502 | D:9      | Noticed a two-headed ogre
  9509 | D:9      | Killed a two-headed ogre
  9860 | D:9      | Found a snail-covered altar of Cheibriados.
  9861 | D:9      | Found a sparkling altar of Nemelex Xobeh.
  9861 | D:9      | Found a sacrificial altar of Ru.
  9862 | D:9      | Found a shimmering altar of Xom.
 10079 | D:10     | Entered Level 10 of the Dungeon
 10101 | D:10     | Noticed a kobold demonologist
 10110 | D:10     | Killed a kobold demonologist
 10269 | D:10     | Found a staircase to the Lair.
 10296 | D:10     | Learned a level 3 spell: Swiftness
 10361 | D:10     | Reached skill level 5 in Conjurations
 10361 | D:10     | Reached skill level 5 in Hexes
 10361 | D:10     | Reached skill level 5 in Summonings
 10361 | D:10     | Reached skill level 5 in Necromancy
 10361 | D:10     | Reached skill level 5 in Translocations
 10361 | D:10     | Reached skill level 5 in Fire Magic
 10361 | D:10     | Reached skill level 5 in Ice Magic
 10361 | D:10     | Reached skill level 5 in Air Magic
 10361 | D:10     | Reached skill level 5 in Earth Magic
 10361 | D:10     | Reached skill level 5 in Alchemy
 10361 | D:10     | Reached XP level 11. HP: 54/83 MP: 20/20
 10642 | D:10     | Noticed a two-headed ogre
 10658 | D:10     | Killed a two-headed ogre
 10659 | D:10     | Found an ornate altar of the Wu Jian Council.
 11276 | D:11     | Noticed a brown ugly thing
 11301 | D:10     | Killed a red ugly thing
 11445 | D:11     | Noticed a manticore
 11448 | D:11     | Pacified a manticore
 11494 | D:11     | Noticed a boulder beetle
 11509 | D:11     | Killed a boulder beetle
 11669 | D:11     | Noticed a boulder beetle
 11671 | D:11     | Noticed a stone giant
 11682 | D:11     | Noticed an entropy weaver
 11695 | D:11     | Noticed a sixfirhy
 11705 | D:11     | Noticed a manticore
 11955 | D:11     | Killed a manticore
 12098 | D:11     | Noticed a white ugly thing
 12112 | D:11     | Killed a green ugly thing
 12297 | D:11     | Noticed an ogre mage
 12402 | D:12     | Found a frozen archway.
 12422 | IceCv    | Entered an ice cave
 12541 | IceCv    | Identified the ring of the Raven {rPois rN+ MP-9 EV+5}
 12913 | IceCv    | Reached XP level 12. HP: 34/91 MP: 13/22
 13386 | IceCv    | Noticed a white draconian
 13413 | IceCv    | Killed a white draconian
 13647 | IceCv    | Identified the ring "Looneov" {rPois rF+ Dex+3}
 13661 | IceCv    | Identified the amulet "Boidgh" {Spirit Dex+7}
 13918 | D:11     | Reached skill level 10 in Unarmed Combat
 14052 | D:11     | Noticed a sun demon
 14321 | D:11     | Noticed a boulder beetle
 14488 | D:11     | Noticed a war gargoyle
 14598 | Lair:1   | Entered Level 1 of the Lair of Beasts
 14656 | D:10     | Learned a level 3 spell: Ozocubu's Armour
 14660 | D:10     | Learned a level 3 spell: Frozen Ramparts
 14831 | Lair:1   | Noticed Gastronok
 14855 | Lair:1   | Killed Gastronok
 15809 | Lair:1   | Noticed Amaemon
 15826 | Lair:1   | Killed Amaemon
 16565 | D:11     | Killed a stone giant
 16566 | D:11     | Reached skill level 10 in Shapeshifting
 16566 | D:11     | Reached XP level 13. HP: 61/99 MP: 16/25
 16806 | Lair:2   | Found a hole to the Spider Nest.
 17144 | Lair:2   | Identified 2 scrolls of acquirement
 17157 | Lair:1   | Acquired the +8 longbow "Zephyr" {speed, Dex+3 SInv}
 17157 | Lair:1   | Found the +8 longbow "Zephyr" {speed, Dex+3 SInv}
 17423 | D:2      | Bought a manual of Ranged Weapons for 1040 gold pieces
 17440 | D:3      | Acquired the amulet of the Castellan {Regen+ Int+4 Dex+4
                  | Stlth+}
 18237 | Lair:2   | Found a snail-covered altar of Cheibriados.
 18651 | Lair:2   | Found a staircase to the Swamp.
 18858 | D:11     | HP: 3/101 [war gargoyle/+0 morningstar of protection (33)]
 18859 | D:11     | Slain by a war gargoyle

Illustrated notes

Levels and vault maps discovered:
D:1:      wander_arrival_desolate, layout_rooms,
          chequers_ecumenical_altar_twisty, nrook_mini_vaults,
          nicolae_shop_vocational
D:2:      layout_rooms, serial_shops, shop, uniq_jessica, uniq_robin,
          uniq_crazy_yiuf_cottage
D:3:      layout_basic, grunt_temple_overflow_order_and_chaos_2,
          nicolae_qazlal_scattered_showers
D:4:      layout_gridville, serial_shops, shop_statue, corexii_corridor_pit,
          ebering_dispersal_statue_hall, dk_noncrumbling_2, minivault_4,
          fountainhead, eino_small_chamber_without_monster
D:5:      layout_basic, elyvilon_altar_5, mainiacjoe_overflow_chevrons
D:6:      layout_cave_pods, grunt_dithmenos_smoke
D:7:      layout_layer_cave, grunt_temple_overflow_holy_war,
          nicolae_uskayaw_en_pointe, temple_statues, kennysheep_generic_room_3
D:8:      lemuel_insect_pit, layout_rooms
D:9:      layout_irregular_city, grunt_temple_overflow_growth_and_decay,
          minitemple, nicolae_stop_n_shop_2
D:10:     layout_loops_ring, marbit_many_paths, lair_entry_dummy
D:11:     nzn_winding_woodlands_large [nzn_winding_woodlands_5x5_open_star,
          nzn_winding_woodlands_5x15_garden, nzn_winding_woodlands_5x5_cross,
          nzn_winding_woodlands_center_triple_pond,
          nzn_winding_woodlands_15x15_eel_pit,
          nzn_winding_woodlands_center_pierced_h,
          nzn_winding_woodlands_5x5_closed_star,
          nzn_winding_woodlands_5x15_jagged, nzn_winding_woodlands_5x5_default],
          layout_gridville, kennysheep_generic_room_16
D:12:     layout_cave_pools, david_orc_4, portal_ice_cave_entry_pillars_2,
          minmay_st_funbox, nicolae_ru_the_path_less_chosen
Temple:   nicolae_temple_superstar
Lair:1:   layout_gridlike, uniq_gastronok, uniq_amaemon
Lair:2:   layout_misc_corridors, nicolae_swamp_entry_splash_gauntlet,
          spider_nest_entry_a, kennysheep_snail_temple

Skill      XL: |  1  2  3  4  5  6  7  8  9 10 11 12 13 |
---------------+----------------------------------------+-----
Short Blades   | 1 2 3 5 6 7 8 |  8.7
Long Blades    | 1 2 3 5 6 7 8 |  8.7
Axes           | 1 2 3 5 6 7 8 |  8.7
Maces & Flails | 1 2 3 5 6 7 8 |  8.7
Polearms       | 1 2 3 5 6 7 8 |  8.7
Staves         | 1 2 3 5 6 7 8 |  8.7
Ranged Weapons | 1 2 3 5 6 7 8 9 |  9.1
Throwing       | 1 2 3 5 6 7 8 |  8.7
Armour         | 1 2 3 5 6 7 8 |  8.7
Stealth        | 1 2 3 5 6 7 8 |  8.7
Shields        | 1 2 3 5 6 7 8 |  8.7
Spellcasting   | 1 2 3 5 6 7 8 |  8.7
Invocations    | 1 2 3 4 5 6 7 8 9 |  9.5
Evocations     | 1 2 3 5 6 7 8 |  8.7
Conjurations   | 1 2 3 4 5 6 7 |  7.2
Hexes          | 1 2 3 4 5 6 7 |  7.2
Summonings     | 1 2 3 4 5 6 7 |  7.2
Necromancy     | 1 2 3 4 5 6 7 |  7.2
Translocations | 1 2 3 4 5 6 7 |  7.2
Fire Magic     | 1 2 3 4 5 6 7 |  7.2
Ice Magic      | 1 2 3 4 5 6 7 |  7.2
Air Magic      | 1 2 3 4 5 6 7 |  7.2
Earth Magic    | 1 2 3 4 5 6 7 |  7.2
Alchemy        | 1 2 3 4 5 6 7 |  7.2
Fighting       | 3 4 5 6 7 8 9 |  9.1
Dodging        | 5 6 7 8 9 |  9.9
Unarmed Combat | 7 8 9 10 | 10.9
Shapeshifting  | 7 8 9 10 | 10.3

Action                     |  1- 3 |  4- 6 |  7- 9 | 10-12 | 13-15 || total
---------------------------+-------+-------+-------+-------+-------++-------
  Melee: Unarmed           |    49 |   157 |   335 |   747 |    31 ||  1319
         Bite              |     3 |    19 |    47 |   126 |     4 ||   199
         Punch             |     1 |     4 |       |       |       ||     5
   Fire: Longbow           |       |       |       |       |   141 ||   141
   Cast: Ozocubu's Armour  |       |       |       |       |     8 ||     8
         Frozen Ramparts   |       |       |       |       |     7 ||     7
 Invoke: Heal Other        |       |       |       |    12 |     4 ||    16
         Heal Self         |       |       |       |     9 |     5 ||    14
  Evoke: Wand              |       |       |     1 |     7 |     2 ||    10
    Use: Potion            |     1 |       |       |       |       ||     1
         Scroll            |       |       |       |    11 |     3 ||    14
   Stab: Sleeping          |       |       |       |     3 |     1 ||     4
         Distracted        |       |       |       |     1 |       ||     1
         Paralysed         |       |       |       |       |     2 ||     2
 Armour: Ring mail         |    30 |    52 |       |       |       ||    82
         Skin              |     3 |    17 |   111 |   338 |     7 ||   476
         Chain mail        |       |       |       |       |    75 ||    75
  Dodge: Dodged            |    25 |    91 |   216 |   745 |    97 ||  1174
   Form: Flux              |       |     1 |     2 |     3 |       ||     6
         Beast             |       |       |     2 |     3 |       ||     5
                           |       |       |       |       |     1 ||     1
